 Dungeon Crawl Stone Soup version 0.20-a0-1015-g2ec8a95 (console) character file.

73726 vuev the Severer (level 15, -4/99 HPs)
             Began as a Gargoyle Monk on Apr 15, 2017.
             Was a High Priest of Okawaru.
             Killed by divine providence
             ... invoked by an orc high priest
              (15 damage)
             ... on level 2 of the Orcish Mines.
             The game lasted 00:52:20 (29670 turns).

vuev the Severer (Gargoyle Monk)                   Turns: 29670, Time: 00:52:21

Health: -4/99      AC: 23    Str: 21    XL:     15   Next: 44%
Magic:  15/18      EV: 12    Int: 11    God:    Okawaru [*****.]
Gold:   1540       SH:  0    Dex: 12    Spells: 14/14 levels left

rFire    + . .     SeeInvis .   J - +6 war axe {chop, +Rage rElec rC+ MR-}
rCold    + . .     Gourm    .   (no shield)
rNeg     + . .     Faith    .   I - +1 plate armour
rPois    ∞         Spirit   .   Q - +0 hat {MR+}
rElec    +         Reflect  .   w - +0 cloak
rCorr    .         Harm     .   (no gloves)
MR       +....                  (no boots)
Stlth    ..........             (no amulet)
Regen    0.3/turn               X - +1 ring of evasion
MPRegen  0.2/turn               B - ring of protection from fire

@: about to teleport, heroism, finesse, corroded, flying
A: big wings, negative energy resistance 1, electricity resistance, unbreathing,
petrification resistance, rot immunity, AC +11
a: Stop Flying, Heroism, Finesse, Renounce Religion, Evoke Berserk Rage


You were on level 2 of the Orcish Mines.
You worshipped Okawaru.
Okawaru was extremely pleased with you.
You were not hungry.

You visited 3 branches of the dungeon, and saw 19 of its levels.
You also visited: Labyrinth and Ice Cave.

You collected 1865 gold pieces.
You spent 325 gold pieces at shops.

Inventory:

Hand Weapons
 k - a +2 scimitar of flaming
 J - the +6 war axe of Mejationka (weapon) {chop, +Rage rElec rC+ MR-}
   (You found it on level 8 of the Dungeon)

   It inflicts extra damage upon your enemies.
   It protects you from cold.
   It insulates you from electricity.
   It affects your resistance to hostile enchantments.
   It lets you go berserk.
 P - the +11 longbow of the Stork {velocity, Dex+5}
   (You found it in an ice cave)

   Any arrow fired from it inflicts extra damage.
   It affects your dexterity (+5).
Missiles
 p - a silver javelin (quivered)
Armour
 w - a +0 cloak (worn)
 D - the +3 ring mail "Qeext" {rF+ Str+4}
   (Okawaru gifted it to you on level 4 of the Lair of Beasts)

   It affects your strength (+4).
   It protects you from fire.
 I - a +1 plate armour (worn)
 Q - a +0 hat of magic resistance (worn)
 S - a +1 hat of see invisible
Jewellery
 h - an uncursed ring of see invisible
 B - a ring of protection from fire (right hand)
 H - an uncursed ring of protection from cold
 R - an uncursed ring of resist corrosion
 X - a +1 ring of evasion (left hand)
Wands
 d - a wand of lightning (6/15)
 t - a wand of acid (5/15)
 v - a wand of digging (24/24)
 x - a wand of digging (15/24)
 C - a wand of iceblast (9/15)
 E - a wand of lightning (9/15)
 G - a wand of random effects (24/48)
 K - a wand of lightning (4/15)
 L - a wand of paralysis (4/24)
 N - a wand of iceblast (8/15)
 O - a wand of iceblast (9/15)
 U - a wand of enslavement (11/24)
 V - a wand of acid (8/15)
Scrolls
 a - 6 scrolls of amnesia
 c - 12 scrolls of identify
 f - 4 scrolls of recharging
 l - 6 scrolls of enchant armour
 m - 8 scrolls of teleportation
 o - 8 scrolls of enchant weapon
 y - a scroll of holy word
 z - 5 scrolls of remove curse
 A - 2 scrolls of magic mapping
 M - 2 scrolls of blinking
 T - a scroll of fear
Potions
 e - 3 potions of mutation
 g - 2 potions of might
 j - 7 potions of curing
 n - 3 potions of resistance
 s - 3 potions of haste
 F - a potion of cancellation
Comestibles
 b - 10 bread rations
 i - 4 chunks of flesh
 q - 18 meat rations
 r - 30 royal jellies
 u - 23 fruits


   Skills:
 + Level 13.2(18.2) Fighting
 * Level 18.2(23.2) Axes
 + Level 11.9(16.9) Armour
 + Level 4.0(9.0) Dodging
 - Level 4.3(9.3) Stealth
 - Level 4.0 Invocations


You had 14 spell levels left.
You didn't know any spells.

Dungeon Overview and Level Annotations

Branches:
Dungeon (11/15)            Temple (0/1) D:7            Lair (6/6) D:11
  Swamp (0/4) Lair:2       Spider (0/4) Lair:3        Slime (0/5) Lair:6
    Orc (2/2) D:9             Elf (0/3) Orc:2

Altars:
Ashenzari
Cheibriados
Dithmenos
Gozag
Kikubaaqudgha
Okawaru
Qazlal
Ru
Sif Muna
Uskayaw
Vehumet
Wu Jian
Yredelemnul

Shops:
D:5 %   D:8 (   D:10 %   Orc:2 ?!


Innate Abilities, Weirdness & Mutations

You are resistant to torment.
Your stone body is resilient. (AC +11)
You are immune to poison.
Your large and strong wings let you fly indefinitely.
You resist negative energy. (rN+)
You are resistant to electric shocks. (rElec)
You can survive without breathing.
You are immune to petrification.
You are immune to rotting.


Message History

The orc knight is heavily wounded.
The orc knight hits you but does no damage.
You hit the orc knight but do no damage.
You punch the orc knight, but do no damage.
The orc knight is heavily wounded.
You slice the orc knight!!
You kill the orc knight!
Okawaru accepts your kill.
An orc high priest comes into view. It is wielding a glaive.
Things that are here:
a war axe; a plate armour; an orc corpse The orc high priest invokes the aid of Beogh against you.
Pain shoots through your body!
* * * LOW HITPOINT WARNING * * *
Unknown command.
As you read the scroll of teleportation, it crumbles to dust.
You feel strangely unstable.
The orc high priest mumbles some strange prayers to Beogh against you.
Beogh smites you!
You die...

...##....## ##...................
........###.###..................
....#.####...###.................
...#### #.....###.[..............
...# #.#...#.###...............
...# ......o..###..............
..## #)..###............. ..#
##)))###............ .##
##@..###........... ###
##(..###(......... ##.#
##(#.###(........ ...#
##(..###.[...... ##.#.#
##.#.###[[[...... ###...#
##...###.......... )###...##
##...###........... ..###...##
##...###..##........ #.)###...##
##...###..###........


You could see an orc high priest.

Vanquished Creatures
  Gastronok (Lair:2)
  Azrael (Orc:2)
  An ettin (Orc:1)
  Josephine (D:10)
  A minotaur (Lab)
  9 hydras
  Erica (D:11)
  The ghost of feelmyfire the Martial Artist, a novice DgTm (D:10)
  6 two-headed ogres
  An orc high priest (Orc:2)
  2 soul eaters (Orc:2)
  Sonja (Lair:4)
  A skeletal warrior (D:10)
  A necromancer (IceCv)
  A cyclops (D:8)
  3 orc knights (Orc:2)
  An ugly thing (D:11)
  An orc sorcerer (Orc:2)
  5 black mambas
  Joseph (D:8)
  15 elephants
  2 ice statues (IceCv)
  A torpor snail (Lair:6)
  6 spiny frogs
  A gargoyle (D:8)
  A rime drake (Lair:6)
  2 komodo dragons
  10 ice devils (IceCv)
  A jumping spider (Lair:3)
  3 polar bears (Lair:6)
  2 trolls
  A queen bee (Lair:2)
  16 blink frogs
  7 hornets
  Prince Ribbit (D:7)
  11 hippogriffs
  2 dream sheep (D:10)
  12 spriggans (Lair:6)
  2 redbacks (Lair:3)
  A spriggan (shapeshifter) (D:8)
  4 flying skulls
  A vampire (D:10)
  A ynoxinul (Orc:2)
  3 wraiths
  32 yaks
  3 wyverns
  3 shadows
  2 fire elementals (Orc:2)
  A steam dragon (D:8)
  5 basilisks
  A neqoxec (Orc:2)
  A hungry ghost (Lab)
  A chaos spawn (Orc:2)
  The ghost of bworf the Slasher, an amateur HaGl (D:3)
  A warg (Orc:1)
  An acid dragon (D:10)
  13 water moccasins
  4 hell hounds (Orc:2)
  4 porcupines
  30 orc warriors
  4 ice beasts
  2 sky beasts
  An eye of draining (D:9)
  8 ogres
  3 necrophages
  30 wolves
  4 centaurs
  11 black bears
  11 crocodiles
  4 boggarts (Lair:6)
  4 big kobolds
  17 bullfrogs
  2 gnoll sergeants
  A wyvern zombie (D:10)
  2 scorpions
  36 killer bees
  14 wights
  5 electric eels (Lair:2)
  2 vampire bats (D:2)
  2 howler monkeys
  4 crimson imps
  3 centaur zombies
  A draconian simulacrum (IceCv)
  4 bullfrog zombies
  27 orc priests
  20 orc wizards
  3 hounds
  A bullfrog skeleton (D:10)
  2 jellies
  Crazy Yiuf (D:4)
  7 centaur skeletons
  3 iguanas
  12 worker ants
  2 spriggan simulacra (IceCv)
  A killer bee zombie (D:10)
  2 centaur simulacra (IceCv)
  A hound zombie (D:10)
  2 hound skeletons
  3 worker ant zombies
  2 howler monkey zombies (D:10)
  2 naga simulacra (IceCv)
  14 adders
  9 gnolls
  3 ogre simulacra (IceCv)
  3 shadow imps
  12 white imps (Lair:4)
  2 oozes (D:2)
  An adder skeleton (D:9)
  An adder zombie (D:8)
  2 worms
  3 dart slugs
  A leopard gecko (D:9)
  99 orcs
  13 bats
  2 bat skeletons (D:2)
  3 bat zombies (D:2)
  9 giant cockroaches
  7 goblins
  10 hobgoblins
  11 jackals
  18 kobolds
  6 quokkas
  2 ball pythons
  2 frilled lizards
  A leopard gecko skeleton (D:7)
  2 quokka skeletons
  4 rats
  2 fungi
  2 plants
759 creatures vanquished.

Vanquished Creatures (others)
  2 killer bees (D:7)
  A wight (D:10)
  5 fungi
  5 plants
13 creatures vanquished.

Grand Total: 772 creatures vanquished

Notes
Turn   | Place    | Note
-------+----------+-------------------------------------------
     0 | D:1      | vuev the Gargoyle Monk began the quest for the Orb.
     0 | D:1      | Reached XP level 1. HP: 16/16 MP: 1/1
   379 | D:1      | Reached XP level 2. HP: 17/20 MP: 2/2
   570 | D:1      | Reached skill level 5 in Fighting
  1055 | D:1      | Reached XP level 3. HP: 26/26 MP: 3/3
  1204 | D:2      | Reached skill level 1 in Axes
  1234 | D:2      | Found a sacrificial altar of Ru.
  1599 | D:2      | Reached skill level 2 in Axes
  1599 | D:2      | Reached XP level 4. HP: 15/31 MP: 4/4
  2170 | D:2      | Reached skill level 3 in Axes
  2170 | D:2      | Reached XP level 5. HP: 8/35 MP: 5/5
  2689 | D:2      | Found an ancient bone altar of Kikubaaqudgha.
  2713 | D:2      | Reached skill level 4 in Axes
  2718 | D:2      | Reached XP level 6. HP: 23/40 MP: 6/6
  3185 | D:3      | Reached skill level 5 in Axes
  3351 | D:3      | Noticed bworf's ghost (amateur HaGl)
  3865 | D:3      | Killed bworf's ghost
  3865 | D:3      | Reached skill level 6 in Axes
  3865 | D:3      | Reached XP level 7. HP: 27/44 MP: 7/7
  4970 | D:4      | HP: 2/44 [orc wizard/puff of frost (7)]
  5556 | D:4      | Found a basalt altar of Yredelemnul.
  5751 | D:4      | Reached skill level 7 in Axes
  5751 | D:4      | Reached skill level 1 in Armour
  5763 | D:4      | Found a runed door.
  5768 | D:4      | Noticed Crazy Yiuf
  5777 | D:4      | Killed Crazy Yiuf
  5941 | D:4      | Reached XP level 8. HP: 46/50 MP: 8/8
  6026 | D:5      | Entered Level 5 of the Dungeon
  6449 | D:5      | Found Timpav's Food Boutique.
  6479 | D:5      | Found an iron altar of Okawaru.
  6481 | D:5      | Found a snail-covered altar of Cheibriados.
  6493 | D:5      | Became a worshipper of Warmaster Okawaru
  6493 | D:5      | Reached * piety under Okawaru
  6493 | D:5      | Reached ** piety under Okawaru
  6539 | D:5      | Reached skill level 8 in Axes
  7043 | D:5      | Reached skill level 1 in Invocations
  7455 | D:6      | Reached XP level 9. HP: 34/55 MP: 7/10
  7769 | D:6      | Reached skill level 9 in Axes
  8036 | D:6      | Found a shattered altar of Ashenzari.
  8768 | D:7      | Reached *** piety under Okawaru
  8825 | D:7      | Found a staircase to the Ecumenical Temple.
  8961 | D:7      | Reached skill level 10 in Axes
  9165 | D:7      | Noticed Prince Ribbit
  9177 | D:7      | Killed Prince Ribbit
  9703 | D:7      | Found a radiant altar of Vehumet.
  9712 | D:7      | Reached XP level 10. HP: 52/61 MP: 13/13
  9783 | D:7      | Found a stormy altar of Qazlal.
 10325 | D:8      | Got an ichor-stained war axe
 10331 | D:8      | Identified the +6 war axe of Mejationka {chop, +Rage rElec rC+ MR-} (You found it on level 8 of the Dungeon)
 10466 | D:8      | Found an opulent altar of Gozag.
 10488 | D:8      | Noticed a two-headed ogre
 10504 | D:8      | Killed a two-headed ogre
 10504 | D:8      | Reached **** piety under Okawaru
 10504 | D:8      | Reached skill level 11 in Axes
 10889 | D:8      | Noticed a two-headed ogre
 10893 | D:8      | Killed a two-headed ogre
 10910 | D:8      | Noticed a gargoyle
 10919 | D:8      | Killed a gargoyle
 11167 | D:8      | Reached skill level 5 in Armour
 11435 | D:8      | Noticed Joseph
 11448 | D:8      | Killed Joseph
 11448 | D:8      | Reached ***** piety under Okawaru
 11448 | D:8      | Reached skill level 12 in Axes
 11534 | D:8      | Noticed a cyclops
 11541 | D:8      | Killed a cyclops
 11672 | D:8      | Found Mozaduq's Antique Weapon Emporium.
 11677 | D:8      | Reached XP level 11. HP: 64/67 MP: 14/14
 11690 | D:8      | Noticed a two-headed ogre
 11706 | D:8      | Killed a two-headed ogre
 11911 | D:8      | Found a shadowy altar of Dithmenos.
 12273 | D:9      | Found a hide-covered altar of Uskayaw.
 12274 | D:9      | Found a deep blue altar of Sif Muna.
 12359 | D:9      | Received a gift from Okawaru
 12359 | D:9      | Reached skill level 13 in Axes
 13066 | D:9      | Found a staircase to the Orcish Mines.
 13433 | D:10     | Entered Level 10 of the Dungeon
 13604 | D:10     | Noticed a two-headed ogre
 13614 | D:10     | Killed a two-headed ogre
 13632 | D:10     | Noticed feelmyfire's ghost (novice DgTm)
 13940 | D:10     | Killed feelmyfire's ghost
 13971 | D:10     | Noticed Josephine
 13994 | D:10     | Killed Josephine
 14238 | D:10     | Reached skill level 14 in Axes
 14293 | D:10     | Reached XP level 12. HP: 75/75 MP: 15/15
 14621 | D:10     | Received a gift from Okawaru
 15046 | D:10     | Found Istresk's Food Shop.
 15148 | D:10     | Noticed a three-headed hydra
 15163 | D:10     | Killed an eight-headed hydra
 15781 | D:11     | Reached skill level 15 in Axes
 15993 | D:11     | Noticed Erica
 16296 | D:11     | Noticed a two-headed ogre
 16303 | D:11     | Killed a two-headed ogre
 16369 | D:11     | Found a staircase to the Lair.
 16715 | D:11     | Found an ornate altar of the Wu Jian Council.
 16781 | D:11     | Killed Erica
 16788 | Lair:1   | Entered Level 1 of the Lair of Beasts
 16812 | Lair:1   | Noticed a seven-headed hydra
 16828 | Lair:1   | Killed a one-headed hydra
 17224 | Lair:1   | Reached XP level 13. HP: 82/82 MP: 16/16
 18065 | Lair:2   | Found a staircase to the Swamp.
 18126 | Lair:2   | Noticed Gastronok
 18139 | Lair:2   | Killed Gastronok
 18139 | Lair:2   | Reached skill level 10 in Fighting
 18139 | Lair:2   | Reached skill level 16 in Axes
 18649 | Lair:2   | Received a gift from Okawaru
 19828 | Lair:3   | Received a gift from Okawaru
 19861 | Lair:3   | Got a brightly glowing quarterstaff {god gift}
 19862 | Lair:3   | Identified the +6 quarterstaff "Siclais" {drain, +Fly} (Okawaru gifted it to you on level 3 of the Lair of Beasts)
 19998 | Lair:3   | Found a hole to the Spider Nest.
 20724 | Lair:4   | Found a frozen archway.
 20759 | IceCv    | Entered an ice cave
 21555 | IceCv    | Got a transparent longbow
 21556 | IceCv    | Identified the +11 longbow of the Stork {velocity, Dex+5} (You found it in an ice cave)
 22004 | Lair:4   | Gained mutation: Your large and strong wings let you fly indefinitely. [Gargoyle growth]
 22004 | Lair:4   | Reached XP level 14. HP: 81/90 MP: 14/17
 22012 | Lair:4   | Received a gift from Okawaru
 22013 | Lair:4   | Reached skill level 17 in Axes
 22016 | Lair:4   | Got a steaming ring mail {god gift}
 22017 | Lair:4   | Identified the +3 ring mail "Qeext" {rF+ Str+4} (Okawaru gifted it to you on level 4 of the Lair of Beasts)
 22340 | Lair:4   | Noticed Sonja
 22357 | Lair:4   | Killed Sonja
 22816 | Lair:4   | Reached skill level 10 in Armour
 23214 | Lair:5   | Found a labyrinth entrance.
 23227 | Lab      | Entered a labyrinth
 23518 | Lab      | Identified the Grimoire of Companions and Clay
 24873 | Lair:6   | Entered Level 6 of the Lair of Beasts
 24873 | Lair:6   | Found a staircase to the Slime Pits.
 25491 | Lair:6   | Received a gift from Okawaru
 26259 | Lair:6   | Reached XP level 15. HP: 84/97 MP: 18/18
 27369 | Orc:1    | Entered Level 1 of the Orcish Mines
 27376 | Orc:1    | Reached ****** piety under Okawaru
 27379 | Orc:1    | Reached skill level 18 in Axes
 27433 | Orc:1    | Received a gift from Okawaru
 27781 | Orc:2    | Entered Level 2 of the Orcish Mines
 28024 | Orc:2    | Found a staircase to the Elven Halls.
 28224 | Orc:2    | Noticed Azrael
 28244 | Orc:2    | Killed Azrael
 28902 | Orc:2    | Found Ebikaf's Magic Scroll Shop.
 28917 | Orc:2    | Found Fiepra's Distillery.
 29178 | Orc:2    | Bought a scroll of enchant weapon for 112 gold pieces
 29178 | Orc:2    | Bought a scroll of teleportation for 45 gold pieces
 29180 | Orc:2    | Bought a potion of curing for 42 gold pieces
 29180 | Orc:2    | Bought a potion of curing for 42 gold pieces
 29180 | Orc:2    | Bought a potion of curing for 42 gold pieces
 29180 | Orc:2    | Bought a potion of curing for 42 gold pieces
 29670 | Orc:2    | Killed from afar by an orc high priest

Vault maps used:
D:1:      scummos_arrival_gate
D:2:      cheibrodos_pilgrimage, nicolae_ru_sacrificial_ziggurat,
          kennysheep_vampire_church
D:4:      yredelemnul_altar_generic, uniq_crazy_yiuf_cottage
D:5:      chequers_temple_overflow_statue_of_worship, first_bread, serial_shops,
          kennysheep_mini
D:6:      nicolae_overflow_crystal_walls
D:7:      nicolae_qazlal_eye_of_the_storm, fiery_altar_vehumet,
          temple_fountains, uniq_prince_ribbit1
D:8:      grunt_gozag_breadcrumbs, lemuel_coloured_pillars_altar, serial_shops,
          nicolae_shop_overgrown_old_shop, minmay_evil_grid, uniq_joseph
D:9:      nicolae_overflow_hidden_temple, david_orc_1_choice
D:10:     hangedman_screamer, serial_shops, nicolae_shop_waterfront,
          hangedman_ranch
D:11:     lair_entry_dummy, basic_altar, uniq_erica
Lair:1:   grunt_megastairs_1, infiniplex_staircase_pool_2
Lair:2:   swamp_mist_pool, serial_bayou_lagoon_b, lemuel_fruit_tree,
          uniq_gastronok
Lair:3:   spider_nest_entry_a
Lair:4:   portal_ice_cave_entry_imps, st_stairs_7, uniq_sonja
Lair:5:   lab_entry_generic, grunt_megastairs_3
Lair:6:   minmay_lair_end_enchanted_forest, slime_dummy, minivault_27,
          serial_bayou_shore_b, lemuel_fruit_fields
Orc:1:    lemuel_statue_altar
Orc:2:    pf_orc_diabolical, uniq_azrael
Lab:      labyrinth_watery, labyrinth_glass_1, nicolae_lab_quarters
IceCv:    ice_cave_tombish

Skill      XL: |  1  2  3  4  5  6  7  8  9 10 11 12 13 14 15 |
---------------+----------------------------------------------+-----
Fighting       | 5 6 7 8 9 11 12 13 | 13.2
Axes           | 2 3 4 6 7 8 10 12 14 15 16 17 18 | 18.2
Armour         | 1 3 4 5 6 8 9 11 | 11.9
Invocations    | 2 4 |  4.0
Dodging        | 4 |  4.0
Stealth        | |  4.3

Action                   |  1- 3 |  4- 6 |  7- 9 | 10-12 | 13-15 || total
-------------------------+-------+-------+-------+-------+-------++-------
Melee: Whip              |    72 |       |       |       |       ||    72
       Unarmed           |     7 |       |       |     9 |       ||    16
       Hand axe          |    64 |   259 |   536 |       |       ||   859
       Punch             |       |       |     3 |     4 |     6 ||    13
       War axe           |       |       |   120 |   683 |  1199 ||  2002
       Scimitar          |       |       |       |     9 |    15 ||    24
Throw: Stone             |       |     2 |       |       |       ||     2
       Javelin           |       |       |    12 |    12 |     4 ||    28
Invok: Heroism           |       |       |     7 |    20 |    15 ||    42
       Finesse           |       |       |       |     4 |     3 ||     7
 Abil: Evoke Berserk Rag |       |       |       |       |     5 ||     5
       Fly               |       |       |       |       |     1 ||     1
Evoke: Wand              |       |       |       |     3 |     2 ||     5
  Use: Scroll            |       |     4 |     4 |    10 |    11 ||    29
       Potion            |       |     1 |     3 |     3 |     4 ||    11
 Stab: Sleeping          |     3 |       |       |       |     2 ||     5
  Eat: Chunk             |     2 |     7 |    16 |    19 |    34 ||    78
       Fruit             |       |     1 |     3 |     2 |    14 ||    20
       Bread ration      |       |       |       |     1 |       ||     1
Armor: Robe              |    17 |       |       |       |       ||    17
       Chain mail        |    72 |   225 |   378 |    17 |       ||   692
       Plate armour      |       |       |       |   479 |   917 ||  1396
       Ring mail         |       |       |       |       |    20 ||    20
Dodge: Dodged            |    60 |   100 |   222 |   228 |   544 ||  1154
       Rpst.: Scimitar   |       |       |       |       |     1 ||     1
